 Dungeon Crawl Stone Soup version 0.25-a0-1130-g3926558f3a (webtiles) character file.

Game seed: 2827317802992354861, levelgen mode: deterministic

107 MalarOregon the Skirmisher (level 4, 0/40 HPs)
             Began as a Draconian Monk on May 19, 2020.
             Succumbed to a scorpion's poison
             ... on level 3 of the Dungeon.
             The game lasted 00:04:45 (3270 turns).

MalarOregon the Skirmisher (Draconian Monk)         Turns: 3270, Time: 00:04:46

Health: 0/40       AC:  5    Str: 11 (13) XL:     4   Next: 57%
Magic:  4/4        EV: 13    Int:  8 (11) God:
Gold:   100        SH:  0    Dex: 12 (14) Spells: 3/3 levels left

rFire    . . .     SeeInvis .   a - +2 mace
rCold    . . .     Gourm    .   (no shield)
rNeg     + . .     Faith    .   (armour unavailable)
rPois    .         Spirit   .   (helmet restricted)
rElec    .         Reflect  .   (no cloak)
rCorr    .         Harm     .   (no gloves)
MR       .....                  (no boots)
Stlth    ++........             (no amulet)
HPRegen  0.13/turn              c - ring of positive energy
MPRegen  0.09/turn              (no ring)

@: brilliant, lethally poisoned (0 -> -14)
A: unfitting armour, cold-blooded, AC +5
a: no special abilities


You were on level 3 of the Dungeon.
You were very hungry.

You visited 1 branch of the dungeon, and saw 3 of its levels.

You collected 100 gold pieces.

Inventory:

Hand Weapons
 a - a +2 mace (weapon)
 b - a +2 dagger of draining
   (You took it off a kobold on level 2 of the Dungeon)
Missiles
 d - 37 arrows
 f - 4 poisoned darts
 g - 69 stones (quivered)
Jewellery
 c - a ring of positive energy (left hand)
   (You found it on level 2 of the Dungeon)
Comestibles
 e - 7 rations {!d}


   Skills:
 + Level 4.1 Fighting
 + Level 3.7 Maces & Flails
 + Level 1.7 Throwing
 + Level 3.3 Dodging
 - Level 1.7 Stealth


You had 3 spell levels left.
You didn't know any spells.
Your spell library was empty.

Dungeon Overview and Level Annotations

Branches:
Dungeon (3/15)

Altars:
Qazlal

Annotations:
D:2 Sigmund, Terence
D:3 2 transporters, HYPERHYPER's ghost, amateur GrFi


Innate Abilities, Weirdness & Mutations

Your plain brown scales are hard. (AC +5)
You cannot fit into any form of body armour.
You are cold-blooded and may be slowed by cold attacks.


Message History

a +0 club; a hobgoblin corpse You miss the frilled lizard.
You tail-slap the frilled lizard.
You kill the frilled lizard!
You sock the scorpion!
You tail-slap the scorpion, but do no damage.
The scorpion stings you but does no damage.
You closely miss the scorpion.
The scorpion stings you but does no damage.
You hit the scorpion.
Your tail-slap misses the scorpion.
The scorpion stings you. The scorpion misses you.
You barely miss the scorpion.
The scorpion stings you but does no damage.
You hit the scorpion. The scorpion stings you.
You sock the scorpion!
The scorpion stings you but does no damage.
You barely miss the scorpion. The scorpion stings you.
* * * LOW HITPOINT WARNING * * *
You are poisoned.
The scorpion poisons you! The scorpion stings you.
* * * LOW HITPOINT WARNING * * *
You hit the scorpion.
You feel sick. The scorpion stings you.
* * * LOW HITPOINT WARNING * * *
You are lethally poisoned!
The scorpion poisons you!
Unknown command.
It was a potion of degeneration.
There was something very wrong with that liquid.
You feel weakened.
You feel dopey.
You feel clumsy.
* * * LOW HITPOINT WARNING * * *
You feel sick. The scorpion stings you.
* * * LOW HITPOINT WARNING * * *
Unknown command.
It was a potion of brilliance.
You feel clever all of a sudden.
* * * LOW HITPOINT WARNING * * *
You feel sick. The scorpion stings you.
* * * LOW HITPOINT WARNING * * *
Unknown command.
You aren't carrying any potions.
You aren't carrying any scrolls.
You aren't carrying any scrolls.
You aren't carrying any potions.
You aren't carrying any scrolls.
You aren't carrying any potions.
You aren't carrying any items that you can evoke.
Drop what? 7/52 slots (_ for help) (? for menu, Esc to quit)
Okay, then.
c - a ring of positive energy (left hand)
You barely miss the scorpion.
You die...

.. .# #### .# ..#
.#### #.# .... #@# ..#
##.###s##..#
#...##.)...#
#...##..#.....#
###...##..####.##
#.........# #
#.#######.##.###.##
.#...............###.
#.###.###............#


You could see a scorpion.

Vanquished Creatures
  Natasha (twice) (D:2)
  An adder (D:1)
  An ooze (D:2)
  A dart slug (D:2)
  A worm (D:2)
  2 leopard geckos
  2 orcs (D:3)
  3 giant cockroaches
  4 goblins
  4 hobgoblins
  7 kobolds
  6 bats
  3 frilled lizards
  2 rats
39 creatures vanquished.

Notes
Turn   | Place    | Note
-------+----------+-------------------------------------------
     0 | D:1      | MalarOregon the Draconian Monk began the quest for the Orb.
     0 | D:1      | Reached XP level 1. HP: 19/19 MP: 1/1
   186 | D:1      | Reached XP level 2. HP: 23/26 MP: 2/2
   641 | D:1      | Reached skill level 1 in Throwing
   908 | D:2      | Noticed Natasha
  1219 | D:2      | Reached XP level 3. HP: 28/33 MP: 3/3
  1578 | D:2      | Found a stormy altar of Qazlal.
  1723 | D:2      | Noticed Sigmund
  1776 | D:2      | Noticed Terence
  1811 | D:2      | Killed Natasha
  1811 | D:2      | Reached XP level 4. HP: 29/40 MP: 4/4
  2195 | D:2      | Noticed Natasha
  2202 | D:2      | Killed Natasha
  2202 | D:2      | Reached skill level 4 in Fighting
  2352 | D:2      | Found a stormy altar of Qazlal.
  2657 | D:2      | Found a stormy altar of Qazlal.
  3104 | D:3      | Noticed a phantom
  3124 | D:3      | Found a transporter.
  3126 | D:3      | Noticed HYPERHYPER's ghost (amateur GrFi)
  3198 | D:3      | Found a transporter.
  3268 | D:3      | HP: 2/40 [scorpion (5)]
  3270 | D:3      | Succumbed to a scorpion's poison

Illustrated notes

Levels and vault maps discovered:
D:1:      minmay_arrival_five_plusses, layout_rooms, minmay_pentomino_q2
D:2:      layout_basic, overflow_temple_1_default, lemuel_doored_altar,
          first_ration, uniq_natasha, uniq_sigmund, uniq_terence
D:3:      layout_loops_ring, gammafunk_ghost_mausoleum

Skill      XL: |  1  2  3  4 |
---------------+-------------+-----
Throwing       | 1 |  1.7
Dodging        | 3 |  3.3
Fighting       | 4 |  4.1
Maces & Flails | |  3.7
Stealth        | |  1.7

Action                   |  1- 3 |  4- 6 || total
-------------------------+-------+-------++-------
Melee: Mace              |    98 |    44 ||   142
       Tailslap          |     9 |     7 ||    16
Throw: Stone             |     9 |       ||     9
  Use: Potion            |     2 |     2 ||     4
       Scroll            |     4 |       ||     4
 Stab: Sleeping          |     4 |     1 ||     5
  Eat: Chunk             |     3 |     3 ||     6
Armor: Skin              |    36 |    16 ||    52
Dodge: Dodged            |    96 |    27 ||   123

Table legend:
 A = Non-vault XP
 B = Vault XP
 C = Vault XP percentage of total XP
 D = Non-vault monster count
 E = Vault monster count
 F = Vault count percentage of total count
                 A         B        C        D         E       F
            +---------+---------+-------+---------+---------+-------
      Total |     117 |      37 |  24.0 |      36 |       3 |   7.7
            +---------+---------+-------+---------+---------+-------
        D:1 |      33 |       4 |  10.8 |      13 |       2 |  13.3
        D:2 |      68 |      33 |  32.7 |      14 |       1 |   6.7
        D:3 |      16 |       0 |   0.0 |       9 |       0 |   0.0
            +---------+---------+-------+---------+---------+-------
